IL
OMAHA STORM CHASERS @ SCRANTON WB RAILRIDERS
06/16/2047
 
TOP OF THE 1ST
Omaha Storm Chasers batting - Pitching for Scranton WB RailRiders : RHP Tim Catalano
Pitching: RHP Tim Catalano
Batting: RHB Matt Belgard 0-0: Ball
1-0: Fly out, F4 (Popup, 34S, EV 68.1 MPH)
Batting: LHB Robby Diaz 0-0: Swinging Strike
0-1: Swinging Strike
0-2: Ball
1-2: Ground out 4-3 (Groundball, 34D, EV 101.9 MPH)
Batting: LHB Pete Hansel 0-0: Ground out 6-3 (Groundball, 56, EV 103.8 MPH)
Top of the 1st over - 0 runs, 0 hits, 0 errors, 0 left on base; Omaha 0 - Scranton WB 0
BOTTOM OF THE 1ST
Scranton WB RailRiders batting - Pitching for Omaha Storm Chasers : RHP Ken Hall
Pitching: RHP Ken Hall
Batting: RHB Devon Utley 0-0: Swinging Strike
0-1: Ball
1-1: Swinging Strike
1-2: Ball
2-2: Fly out, F9 (Flyball, 89S, EV 92.5 MPH)
Batting: LHB Aaron Joyner 0-0: Foul Ball, location: 2F
0-1: Ball
1-1: Ball
2-1: Foul Ball, location: 2F
2-2: Strikes out looking
Batting: LHB Dan Morris 0-0: Ball
1-0: Foul Ball, location: 2F
1-1: Hit by Pitch
Batting: RHB Larry Martell 0-0: Ball
1-0: Ball
2-0: Foul Ball, location: 2F
2-1: Foul Ball, location: 2F
2-2: Ball
3-2: DOUBLE (Line Drive, 9D, EV 106.9 MPH)
Dan Morris to third
Dan Morris scores
Batting: RHB Mike Gifford 0-0: Called Strike
0-1: Foul Ball, location: 2F
0-2: Strikes out swinging
Bottom of the 1st over - 1 run, 1 hit, 0 errors, 1 left on base; Omaha 0 - Scranton WB 1
TOP OF THE 2ND
Omaha Storm Chasers batting - Pitching for Scranton WB RailRiders : RHP Tim Catalano
Batting: LHB Manny Estrada 0-0: Called Strike
0-1: Ball
1-1: SINGLE (Groundball, 4M, EV 91.9 MPH) (infield hit)
Batting: RHB Walt Cogswell 0-0: Fielders Choice at 2nd, 6-4 (Groundball, 6S, EV 88.8 MPH)
Batting: RHB Eric Sandell 0-0: Foul Ball, location: 2F
0-1: Foul Ball, location: 2F
0-2: Strikes out swinging
Batting: RHB Yuichi Takata 0-0: Called Strike
0-1: Ball
Walt Cogswell steals 2nd base
1-1: Called Strike
1-2: Foul Ball, location: 2F
1-2: DOUBLE (Line Drive, 7LS, EV 112.5 MPH)
Walt Cogswell scores
Batting: RHB Aaron Matthews 0-0: Foul Ball, location: 2F
0-1: Ball
1-1: Called Strike
1-2: SINGLE (Flyball, 8RS, EV 90.6 MPH)
Yuichi Takata to third
Runner from 3rd tries for Home, SAFE, throw by CF to home
Batting: LHB Chris Eaker 0-0: Called Strike
0-1: Ball
1-1: Called Strike
1-2: Foul Ball, location: 2F
1-2: Ball
2-2: Ball
3-2: Base on Balls
Aaron Matthews to second
Batting: RHB Matt Belgard 0-0: Ball
1-0: Ball
2-0: Called Strike
2-1: Fly out, F9 (Flyball, 9S, EV 75.0 MPH)
Top of the 2nd over - 2 runs, 3 hits, 0 errors, 2 left on base; Omaha 2 - Scranton WB 1
BOTTOM OF THE 2ND
Scranton WB RailRiders batting - Pitching for Omaha Storm Chasers : RHP Ken Hall
Batting: SHB Edwin Dominguez 0-0: Called Strike
0-1: Called Strike
0-2: Ball
1-2: Strikes out swinging
Batting: SHB Joe Fure 0-0: Called Strike
0-1: DOUBLE (Groundball, 3L, EV 96.9 MPH)
Batting: RHB Johannes Gutermuth 0-0: Ball
1-0: Foul Ball, location: 2F
1-1: Ball
2-1: Ball
3-1: Foul Ball, location: 2F
3-2: Foul Ball, location: 2F
3-2: Base on Balls
Batting: RHB Jordan Barragan 0-0: Ball
1-0: Swinging Strike
1-1: Ball
2-1: Fly out, F7 (Flyball, 78S, EV 88.1 MPH)
Lined into DP, 7-4 (Flyball, 78S, EV 88.1 MPH)
Bottom of the 2nd over - 0 runs, 1 hit, 0 errors, 1 left on base; Omaha 2 - Scranton WB 1
TOP OF THE 3RD
Omaha Storm Chasers batting - Pitching for Scranton WB RailRiders : RHP Tim Catalano
Batting: LHB Robby Diaz 0-0: Foul Ball, location: 2F
0-1: Ball
1-1: Ball
2-1: Ball
3-1: Base on Balls
Batting: LHB Pete Hansel 0-0: Ball
1-0: Ball
2-0: Ball
3-0: Base on Balls
Robby Diaz to second
Batting: LHB Manny Estrada 0-0: Fielders Choice at 2nd, 3-6 (Groundball, 34, EV 88.8 MPH)
Robby Diaz to third
Batting: RHB Walt Cogswell 0-0: Called Strike
0-1: Ball
1-1: Ball
2-1: Swinging Strike
2-2: DOUBLE (Line Drive, 3D, EV 100.6 MPH)
Robby Diaz scores
Manny Estrada to third
Runner from 3rd tries for Home, throw by RF and OUT! 9-4-2
Batting: RHB Eric Sandell 0-0: Foul Ball, location: 2F
0-1: Ground out 1-3 (Groundball, 13S, EV 77.5 MPH)
Top of the 3rd over - 1 run, 1 hit, 0 errors, 1 left on base; Omaha 3 - Scranton WB 1
BOTTOM OF THE 3RD
Scranton WB RailRiders batting - Pitching for Omaha Storm Chasers : RHP Ken Hall
Batting: RHB Devon Utley 0-0: Ball
1-0: Ball
2-0: Fly out, F8 (Flyball, 8RM, EV 87.5 MPH)
Batting: LHB Aaron Joyner 0-0: Called Strike
0-1: Ball
1-1: Called Strike
1-2: Ball
2-2: Ball
3-2: Foul Ball, location: 2F
3-2: Fly out, F8 (Line Drive, 8LS, EV 89.4 MPH)
Batting: LHB Dan Morris 0-0: Foul Ball, location: 2F
0-1: Foul Ball, location: 2F
0-2: Ball
1-2: Ball
2-2: SINGLE (Groundball, 56S, EV 70.6 MPH) (infield hit)
Batting: RHB Larry Martell 0-0: Ball
1-0: Ball
2-0: Ball
3-0: Called Strike
3-1: Ground out 4-3 (Groundball, 34, EV 88.8 MPH)
Bottom of the 3rd over - 0 runs, 1 hit, 0 errors, 1 left on base; Omaha 3 - Scranton WB 1
TOP OF THE 4TH
Omaha Storm Chasers batting - Pitching for Scranton WB RailRiders : RHP Tim Catalano
Batting: RHB Yuichi Takata 0-0: Ball
1-0: Ball
2-0: Swinging Strike
2-1: Ball
3-1: Foul Ball, location: 2F
3-2: Strikes out swinging
Batting: RHB Aaron Matthews 0-0: Swinging Strike
0-1: Ball
1-1: Foul Ball, location: 2F
1-2: SINGLE (Groundball, 6D, EV 98.8 MPH)
Batting: LHB Chris Eaker 0-0: Ball
1-0: Called Strike
1-1: TRIPLE (Flyball, 9LD, EV 106.9 MPH)
Aaron Matthews scores
Batting: RHB Matt Belgard 0-0: Foul Ball, location: 2F
0-1: Ball
1-1: Ball
2-1: Called Strike
2-2: Ball
3-2: SINGLE (Line Drive, 8LS, EV 88.8 MPH)
Chris Eaker scores
Batting: LHB Robby Diaz 0-0: Grounds into double play, 4-6-3 (Groundball, 4, EV 105.6 MPH)
Top of the 4th over - 2 runs, 3 hits, 0 errors, 0 left on base; Omaha 5 - Scranton WB 1
BOTTOM OF THE 4TH
Scranton WB RailRiders batting - Pitching for Omaha Storm Chasers : RHP Ken Hall
Batting: RHB Mike Gifford 0-0: Ball
1-0: Foul Ball, location: 2F
1-1: Foul Ball, location: 2F
1-2: Fly out, F9 (Flyball, 9LD, EV 94.4 MPH)
Batting: SHB Edwin Dominguez 0-0: Called Strike
0-1: Swinging Strike
0-2: Strikes out swinging
Batting: SHB Joe Fure 0-0: Ball
1-0: DOUBLE (Line Drive, 5D, EV 96.2 MPH)
Batting: RHB Johannes Gutermuth 0-0: Ball
1-0: SINGLE (Groundball, 34D, EV 100.6 MPH)
Joe Fure to third
Runner from 3rd tries for Home, SAFE, throw by RF to home
Johannes Gutermuth to second
Batting: RHB Jordan Barragan 0-0: DOUBLE (Flyball, 89XD, EV 92.5 MPH)
Johannes Gutermuth scores
Batting: RHB Devon Utley 0-0: Called Strike
0-1: Ground out U3 (Groundball, 3, EV 89.4 MPH)
Bottom of the 4th over - 2 runs, 3 hits, 0 errors, 1 left on base; Omaha 5 - Scranton WB 3
TOP OF THE 5TH
Omaha Storm Chasers batting - Pitching for Scranton WB RailRiders : RHP Tim Catalano
Batting: LHB Pete Hansel 0-0: Called Strike
0-1: Foul Ball, location: 2F
0-2: Ball
1-2: SINGLE (Flyball, 3D, EV 93.8 MPH)
Batting: LHB Manny Estrada 0-0: Called Strike
0-1: Ball
1-1: Foul Ball, location: 2F
1-2: Fielders Choice at 2nd, 4-6 (Groundball, 4, EV 80.6 MPH)
Batting: RHB Walt Cogswell 0-0: Called Strike
0-1: Called Strike
0-2: Strikes out swinging
Batting: RHB Eric Sandell 0-0: Swinging Strike
0-1: Ball
1-1: Ball
2-1: Ball
3-1: SINGLE (Line Drive, 89S, EV 94.4 MPH)
Manny Estrada to second
Runner from 2nd tries for 3rd, SAFE, throw by CF made to third
Batting: RHB Yuichi Takata 0-0: Ball
1-0: Foul Ball, location: 2F
1-1: Ball
2-1: Fly out, F8 (Flyball, 8RD, EV 105.6 MPH)
Top of the 5th over - 0 runs, 2 hits, 0 errors, 2 left on base; Omaha 5 - Scranton WB 3
BOTTOM OF THE 5TH
Scranton WB RailRiders batting - Pitching for Omaha Storm Chasers : RHP Ken Hall
Batting: LHB Aaron Joyner 0-0: DOUBLE (Groundball, 5L, EV 95.0 MPH)
Batting: LHB Dan Morris 0-0: Ball
1-0: Ball
2-0: Ball
3-0: Called Strike
3-1: Called Strike
3-2: Base on Balls
Batting: RHB Larry Martell 0-0: Called Strike
0-1: Ball
1-1: Foul Ball, location: 2F
1-2: Strikes out swinging
Batting: RHB Mike Gifford 0-0: Foul Ball, location: 2F
0-1: Ball
1-1: Ball
2-1: Swinging Strike
2-2: SINGLE (Line Drive, 8LS, EV 101.2 MPH)
Aaron Joyner to third
Dan Morris to second
Batting: SHB Edwin Dominguez 0-0: Ball
1-0: Ball
Passed Ball!
Aaron Joyner scores
Dan Morris to third
Mike Gifford to second
2-0: Ball
3-0: Called Strike
3-1: Foul Ball, location: 2F
3-2: SINGLE (Groundball, 6D, EV 98.1 MPH)
Dan Morris scores
Mike Gifford to third
Batting: SHB Joe Fure 0-0: Called Strike
Edwin Dominguez steals 2nd base
0-1: Fly out, F8 (Flyball, 8LM, EV 88.8 MPH)
Runner from 3rd tags up, SCORES, throw by CF
Edwin Dominguez to third
Batting: RHB Johannes Gutermuth 0-0: Foul Ball, location: 2F
0-1: Ball
Passed Ball!
Edwin Dominguez scores
1-1: Ball
2-1: Swinging Strike
2-2: Ball
3-2: Base on Balls
Pitching: RHP Matt Carnevale
Batting: RHB Jordan Barragan 0-0: Ball
1-0: Ground out 4-3 (Groundball, 34, EV 80.6 MPH)
Bottom of the 5th over - 4 runs, 3 hits, 0 errors, 1 left on base; Omaha 5 - Scranton WB 7
TOP OF THE 6TH
Omaha Storm Chasers batting - Pitching for Scranton WB RailRiders : RHP Tim Catalano
Pitching: RHP Jim Milch
Batting: RHB Aaron Matthews 0-0: Called Strike
0-1: Ball
1-1: SINGLE (Groundball, 56D, EV 98.8 MPH)
Batting: LHB Chris Eaker 0-0: Called Strike
Aaron Matthews steals 2nd base
0-1: Foul Ball, location: 2F
0-2: Ball
1-2: Fly out, F7 (Flyball, 78M, EV 82.5 MPH)
Batting: RHB Matt Belgard 0-0: Called Strike
Aaron Matthews steals 3rd base (no throw)
0-1: Ball
1-1: Ball
2-1: Ball
3-1: Foul Ball, location: 2F
3-2: Foul Ball, location: 2F
3-2: SINGLE (Groundball, P, EV 91.2 MPH) (infield hit)
Aaron Matthews scores
Batting: LHB Robby Diaz 0-0: Ball
Matt Belgard steals 2nd, throwing error, E2
Matt Belgard to third
1-0: Ball
2-0: Foul Ball, location: 2F
2-1: Called Strike
2-2: Ground out 4-3 (Groundball, 4, EV 84.4 MPH)
Batting: LHB Pete Hansel 0-0: Ball
1-0: Ball
2-0: Called Strike
2-1: Foul Ball, location: 2F
2-2: Ball
3-2: Reached on error, E5 (Groundball, 5, EV 100.0 MPH)
Matt Belgard scores
Batting: LHB Manny Estrada 0-0: Ball
Pete Hansel steals 2nd, throwing error, E2
Pete Hansel to third
1-0: Ball
2-0: Ball
3-0: Base on Balls
Batting: RHB Walt Cogswell 0-0: Called Strike
0-1: SINGLE (Groundball, 6S, EV 71.9 MPH) (infield hit)
Pete Hansel scores
Manny Estrada to second
Batting: RHB Eric Sandell 0-0: Ground out U3 (Groundball, 3S, EV 89.4 MPH)
Top of the 6th over - 3 runs, 3 hits, 3 errors, 2 left on base; Omaha 8 - Scranton WB 7
BOTTOM OF THE 6TH
Scranton WB RailRiders batting - Pitching for Omaha Storm Chasers : RHP Matt Carnevale
Batting: RHB Devon Utley 0-0: Ball
1-0: Foul Ball, location: 2F
1-1: Called Strike
1-2: Ball
2-2: Strikes out looking
Batting: LHB Aaron Joyner 0-0: Ball
1-0: Foul Ball, location: 2F
1-1: Called Strike
1-2: Ball
2-2: Foul Ball, location: 2F
2-2: Ball
3-2: Strikes out swinging
Batting: LHB Dan Morris 0-0: Ground out 4-3 (Groundball, 4M, EV 100.6 MPH)
Bottom of the 6th over - 0 runs, 0 hits, 0 errors, 0 left on base; Omaha 8 - Scranton WB 7
TOP OF THE 7TH
Omaha Storm Chasers batting - Pitching for Scranton WB RailRiders : RHP Jim Milch
Pitching: RHP Eddie Aguilar
Batting: RHB Yuichi Takata 0-0: Called Strike
0-1: Ball
1-1: Ball
2-1: Ball
3-1: Base on Balls
Batting: RHB Aaron Matthews 0-0: Ball
1-0: Sac Bunt to 15 - play at first, batter OUT! 1-3
Yuichi Takata to second
Batting: LHB Chris Eaker 0-0: Ball
1-0: Ball
2-0: SINGLE (Flyball, 89S, EV 89.4 MPH)
Yuichi Takata to third
Runner from 3rd tries for Home, SAFE, throw by RF to home
Batting: RHB Matt Belgard 0-0: Foul Ball, location: 2F
0-1: Foul Ball, location: 2F
0-2: Ball
1-2: Ball
2-2: Ball
3-2: Base on Balls
Chris Eaker to second
Batting: LHB Robby Diaz 0-0: Ball
1-0: Foul Ball, location: 2F
1-1: Ball
2-1: Ball
3-1: SINGLE (Groundball, 4D, EV 96.2 MPH)
Chris Eaker to third
Matt Belgard to second
Runner from 3rd tries for Home, SAFE, throw by CF to home
Batting: LHB Pete Hansel 0-0: Swinging Strike
0-1: Swinging Strike
0-2: Ball
1-2: Strikes out swinging
Batting: LHB Manny Estrada 0-0: Swinging Strike
0-1: Hit by Pitch
Matt Belgard to third
Robby Diaz to second
Batting: RHB Walt Cogswell 0-0: Ball
1-0: Ball
2-0: Ball
3-0: Base on Balls
Matt Belgard scores
Robby Diaz to third
Manny Estrada to second
Pitching: LHP Ramon Escobedo
Batting: RHB Eric Sandell 0-0: Ball
1-0: Foul Ball, location: 2F
1-1: Fielders Choice at 2nd, 6-4 (Groundball, 6, EV 101.2 MPH)
Top of the 7th over - 3 runs, 2 hits, 0 errors, 3 left on base; Omaha 11 - Scranton WB 7
BOTTOM OF THE 7TH
Scranton WB RailRiders batting - Pitching for Omaha Storm Chasers : RHP Matt Carnevale
Pitching: RHP Gary Ackerman
Batting: RHB Larry Martell 0-0: Foul Ball, location: 2F
0-1: Ball
1-1: Swinging Strike
1-2: Strikes out swinging
Batting: RHB Mike Gifford 0-0: Ball
1-0: Called Strike
1-1: Fly out, F9 (Line Drive, 89D, EV 96.2 MPH)
Batting: SHB Edwin Dominguez 0-0: Called Strike
0-1: Ball
1-1: Ball
2-1: SINGLE (Line Drive, 4MD, EV 103.8 MPH)
Batting: SHB Joe Fure 0-0: Called Strike
Edwin Dominguez steals 2nd base
0-1: Ball
1-1: Ground out 6-3 (Groundball, 6, EV 106.9 MPH)
Bottom of the 7th over - 0 runs, 1 hit, 0 errors, 1 left on base; Omaha 11 - Scranton WB 7
TOP OF THE 8TH
Omaha Storm Chasers batting - Pitching for Scranton WB RailRiders : LHP Ramon Escobedo
Pitching: RHP John Robidoux
Batting: RHB Yuichi Takata 0-0: Called Strike
0-1: Foul Ball, location: 2F
0-2: Ball
1-2: Ball
2-2: Ball
3-2: SINGLE (Line Drive, 4MD, EV 95.0 MPH)
Batting: RHB Aaron Matthews 0-0: Ball
1-0: Bunted foul
1-1: Bunt missed!
1-2: Ball
2-2: Ball
3-2: Foul Ball, location: 2F
3-2: Strikes out swinging
Batting: LHB Chris Eaker 0-0: Ball
1-0: SINGLE (Groundball, 34D, EV 102.5 MPH)
Yuichi Takata to second
Runner from 2nd tries for 3rd, SAFE, throw by RF made to third
Batting: RHB Matt Belgard 0-0: Ball
1-0: Ball
2-0: Called Strike
2-1: Foul Ball, location: 2F
2-2: DOUBLE (Flyball, 8LXD, EV 105.0 MPH)
Yuichi Takata scores
Chris Eaker to third
Batting: LHB Robby Diaz 0-0: Ball
1-0: Foul Ball, location: 2F
1-1: SINGLE (Groundball, 4MD, EV 106.2 MPH)
Chris Eaker scores
Matt Belgard to third
Runner from 3rd tries for Home, SAFE, throw by CF to home
Pinch Hitting: LHB Franklin Quezada 0-0: Fielders Choice at 2nd, 5-4 (Groundball, 5, EV 85.0 MPH)
Pinch Hitting: LHB Joe Cozart 0-0: Foul Ball, location: 2F
0-1: Swinging Strike
0-2: Ball
1-2: Strikes out swinging
Top of the 8th over - 3 runs, 4 hits, 0 errors, 1 left on base; Omaha 14 - Scranton WB 7
BOTTOM OF THE 8TH
Scranton WB RailRiders batting - Pitching for Omaha Storm Chasers : RHP Gary Ackerman
Now at 1B: Edwin Ramos
Now in LF: Franklin Quezada
Batting: RHB Johannes Gutermuth 0-0: Ball
1-0: Ball
2-0: Swinging Strike
2-1: Ball
3-1: Foul Ball, location: 2F
3-2: Fly out, F9 (Line Drive, 9, EV 86.2 MPH)
Batting: RHB Jordan Barragan 0-0: Ball
1-0: Ground out 5-3 (Groundball, 56S, EV 66.2 MPH)
Batting: RHB Devon Utley 0-0: Called Strike
0-1: Ball
1-1: Ball
2-1: Fly out, F4 (Popup, 4D, EV 63.1 MPH)
Bottom of the 8th over - 0 runs, 0 hits, 0 errors, 0 left on base; Omaha 14 - Scranton WB 7
TOP OF THE 9TH
Omaha Storm Chasers batting - Pitching for Scranton WB RailRiders : RHP John Robidoux
Pinch Hitting: LHB John Wagner 0-0: SINGLE (Flyball, 7LS, EV 93.8 MPH)
Pinch Hitting: RHB Kevin Roseen 0-0: Swinging Strike
0-1: Called Strike
0-2: Strikes out looking
Pinch Hitting: RHB Jerry Castillo 0-0: Called Strike
0-1: Foul Ball, location: 2F
0-2: Fly out, F8 (Flyball, 8RM, EV 86.9 MPH)
Pinch Hitting: SHB Arturo Baez 0-0: Ball
1-0: Called Strike
1-1: SINGLE (Groundball, 4MD, EV 95.6 MPH)
John Wagner to second
Runner from 2nd tries for 3rd, SAFE, throw by CF made to third
Batting: LHB Chris Eaker 0-0: Foul Ball, location: 2F
0-1: Ball
1-1: Foul Ball, location: 2F
1-2: Strikes out swinging
Top of the 9th over - 0 runs, 2 hits, 0 errors, 2 left on base; Omaha 14 - Scranton WB 7
BOTTOM OF THE 9TH
Scranton WB RailRiders batting - Pitching for Omaha Storm Chasers : RHP Gary Ackerman
Now at C: Kevin Roseen
Now at 2B: Jerry Castillo
Now at SS: Arturo Baez
Now in LF: John Wagner
Now in CF: Franklin Quezada
Batting: LHB Aaron Joyner 0-0: Ball
1-0: Foul Ball, location: 2F
1-1: Ball
2-1: Ball
3-1: Called Strike
3-2: Foul Ball, location: 2F
3-2: Strikes out swinging
Batting: LHB Dan Morris 0-0: SINGLE (Line Drive, 78S, EV 86.9 MPH)
Pitching: RHP Rob Penton
Batting: RHB Larry Martell 0-0: Called Strike
0-1: Foul Ball, location: 2F
0-2: TRIPLE (Line Drive, 9LD, EV 100.6 MPH)
Dan Morris scores
Batting: RHB Mike Gifford 0-0: Ball
1-0: Called Strike
1-1: Ball
2-1: Called Strike
2-2: SINGLE (Line Drive, 8RS, EV 103.8 MPH)
Larry Martell scores
Batting: SHB Edwin Dominguez 0-0: Called Strike
0-1: Ball
1-1: Ball
2-1: Ball
3-1: Base on Balls
Mike Gifford to second
Batting: SHB Joe Fure 0-0: Called Strike
0-1: SINGLE (Line Drive, 34, EV 107.5 MPH)
Mike Gifford to third
Edwin Dominguez to second
Batting: RHB Johannes Gutermuth 0-0: Called Strike
0-1: Ball
1-1: Swinging Strike
1-2: SINGLE (Groundball, 34D, EV 98.1 MPH)
Mike Gifford scores
Edwin Dominguez to third
Joe Fure to second
Pinch Hitting: SHB Mukhtar Wa'il 0-0: Called Strike
0-1: Fly out, F8 (Flyball, 78M, EV 84.4 MPH)
Batting: RHB Devon Utley 0-0: Ball
1-0: Foul Ball, location: 2F
1-1: Ball
2-1: Foul Ball, location: 2F
2-2: SINGLE (Flyball, 34D, EV 91.2 MPH)
Edwin Dominguez scores
Joe Fure to third
Johannes Gutermuth to second
Pitching: RHP Josh Moncada
Batting: LHB Aaron Joyner 0-0: Called Strike
0-1: Swinging Strike
0-2: Ground out 6-3 (Groundball, 6M, EV 102.5 MPH)
Bottom of the 9th over - 4 runs, 6 hits, 0 errors, 3 left on base; Omaha 14 - Scranton WB 11
Thursday, December 15th , 2022 - OOTP Baseball 23.9 Build 102